Map: Cactus Valley LE (Void)

Players

llllllllllll - Winner!

  • Race: Zerg Zerg
  • League: Master
  • Spawn Location: 7:00

Railgan

  • Race: Zerg Zerg
  • League: Master
  • Spawn Location: 5:00

VOD

Have the link to the VOD?

Description

Time

  • Played on: March 1, 2017, 5:49 p.m.
  • Length: 4:39
Show
View Real Time Build Order
Export as new Build Order

llllllllllll Zerg - Winner!

Build Orders: Pool First 

Get SALT Encoding   

  12  0:00  Drone  
  13  0:12  Overlord  
  13  0:16  Drone  
  14  0:30  Drone x2  
  14  0:35  Drone  
  17  0:45  Extractor, Drone  
  17  0:50  Spawning Pool  
  17  0:56  Drone  
  17  1:06  Drone  
  18  1:19  Hatchery  
  18  1:23  Drone  
  18  1:36  Queen  
  18  1:37  Zergling x2  
  21  1:45  Metabolic Boost  
  21  1:47  Drone  
  22  1:57  Overlord  
  22  2:09  Baneling Nest  
  22  2:14  Queen  
  23  2:16  Zergling x2  
  23  2:17  Zergling x2  
  23  2:22  Zergling x2  
  26  2:32  Zergling x4  
  28  2:42  Zergling x2  
  29  2:50  Zergling x4  
  29  2:51  Zergling x4  
  33  2:52  Baneling x2  
  33  3:01  Zergling x4  
  35  3:08  Overlord  
  33  3:21  Zergling x4  
  33  3:24  Zergling x2  
  35  3:30  Zergling x4  
  35  3:31  Zergling x8  
  40  3:34  Baneling x2  
  40  3:44  Baneling x2  
  40  3:47  Zergling x6  
  34  4:06  Zergling x12  
  37  4:13  Zergling x4  
Show
View Real Time Build Order
Export as new Build Order

Railgan Zerg 

Build Orders: Pool First 

Get SALT Encoding   

  12  0:01  Drone  
  13  0:12  Overlord  
  13  0:18  Drone  
  14  0:31  Drone x2  
  14  0:34  Drone  
  17  0:46  Spawning Pool  
  17  0:49  Drone  
  17  0:55  Drone  
  18  1:12  Hatchery  
  18  1:14  Extractor  
  16  1:19  Drone  
  16  1:20  Drone  
  18  1:28  Drone  
  19  1:36  Spine Crawler  
  18  1:40  Queen  
  18  1:43  Drone  
  21  1:49  Overlord  
  21  2:00  Zergling x2  
  22  2:15  Drone, Queen  
  22  2:21  Metabolic Boost  
  25  2:31  Drone x2  
  25  2:35  Drone x2  
  29  2:41  Baneling Nest  
  28  2:47  Overlord  
  28  2:49  Zergling x2  
  28  2:50  Drone x2  
  30  2:52  Zergling x2  
  30  2:56  Zergling x2  
  30  2:57  Zergling x2  
  33  3:06  Queen  
  33  3:08  Zergling x2  
  36  3:15  Zergling x2  
  35  3:21  Zergling x4  
  35  3:25  Zergling x2  
  36  3:27  Zergling x2  
  36  3:28  Zergling x2  
  36  3:30  Zergling x2  
  36  3:31  Zergling x2  
  34  3:34  Baneling x2  
  34  3:37  Zergling x2  
  34  3:38  Zergling x2  
  34  3:41  Baneling  
  32  3:48  Baneling x2  
  23  3:56  Drone  
  20  4:09  Drone  
  20  4:15  Zergling x2  
  20  4:19  Baneling  
Tags
 
Add a new tag
Caveats
  • Supply blocks, unpowered buildings, or Contaminate may cause inaccurate times.
  • Supply counts are checked every 10 seconds.